 Dungeon Crawl Stone Soup version 0.29-a0-344-ge2f44be95a (webtiles) character file.

Game seed: 13190231801110553356

19677 Dauddaud the Severer (level 12, -3/159 HPs)
             Began as a Minotaur Berserker on Apr 21, 2022.
             Was a High Priest of Trog.
             Slain by an enormous slime creature (43 damage)
             ... on level 12 of the Dungeon.
             The game lasted 00:35:08 (15059 turns).

Dauddaud the Severer (Minotaur Berserker)          Turns: 15059, Time: 00:35:09

Health: -3/159     AC: 18    Str: 27    XL:     12   Next: 38%
Magic:  11/11      EV:  9    Int:  4    God:    Trog [*****.]
Gold:   913        SH:  0    Dex: 10    Spells: 11/11 levels left

rFire   . . .      SeeInvis .   G - +1 broad axe (flame)
rCold   . . .      Faith    .   (no shield)
rNeg    + . .      Spirit   .   d - +0 plate armour
rPois   .          Reflect  .   (helmet unavailable)
rElec   .          Harm     .   j - +1 cloak
rCorr   .          Rampage  .   L - +0 pair of gloves
Will    .....                   (no boots)
Stlth   ..........              (no amulet)
HPRegen 0.36/turn               r - ring of positive energy
MPRegen 0.12/turn               (no ring)

@: berserking, very quick
A: horns 3, retaliatory headbutt
a: Renounce Religion, Berserk, Trog's Hand, Brothers in Arms


You were on level 12 of the Dungeon.
You worshipped Trog.
Trog was extremely pleased with you.
You visited 1 branch of the dungeon, and saw 12 of its levels.
You also visited: Ossuary.

You collected 913 gold pieces.

Inventory:

Hand Weapons
 a - a +0 hand axe
 i - a +0 war axe
 G - a +1 broad axe of flaming (weapon)
 P - a +0 battleaxe
Armour
 b - a +0 animal skin
 d - a +0 plate armour (worn)
 j - a +1 cloak (worn)
 k - a +2 hat
 L - a +0 pair of gloves (worn)
Jewellery
 m - an amulet of magic regeneration
 r - a ring of positive energy (left hand)
 K - a +6 ring of intelligence
Wands
 w - a wand of flame (13)
 B - a wand of paralysis (1)
 F - a wand of iceblast (13)
 M - a wand of polymorph (11)
Scrolls
 e - 4 scrolls of torment
 h - 2 scrolls of fear
 n - 4 scrolls of teleportation
 o - 3 scrolls of silence
 q - a scroll of enchant weapon
 u - 3 scrolls of blinking
 v - 3 scrolls of vulnerability
 y - 3 scrolls of noise
 E - a scroll of summoning
 H - 2 scrolls of amnesia
 J - a scroll of immolation
 N - 4 scrolls of identify
 O - 3 scrolls of magic mapping {unknown}
 Q - a scroll of holy word {unknown}
Potions
 c - 8 potions of haste
 f - 7 potions of heal wounds {unknown}
 g - 3 potions of lignification {unknown}
 l - 2 potions of flight {unknown}
 p - a potion of might {unknown}
 s - 2 potions of resistance {unknown}
 t - 5 potions of curing {unknown}
 x - a potion of attraction {unknown}
 z - a potion of magic {unknown}
 A - 3 potions of berserk rage {unknown}
 C - a potion of cancellation {unknown}
 D - a potion of brilliance
 I - 2 potions of invisibility {unknown}


   Skills:
 * Level 9.9 Fighting
 - Level 18.0 Axes
 * Level 9.5 Armour
 + Level 6.2 Dodging
 - Level 6.9 Evocations


You had 11 spell levels left.
You didn't know any spells.
Your spell library was empty.

Dungeon Overview and Level Annotations

Branches:
Dungeon (12/15)            Temple (0/1) D:5            Lair (0/6) D:10
    Orc (0/2) D:11        Ossuary (visited)

Altars:
Dithmenos
Elyvilon
Fedhas
Hepliaklqana
Kikubaaqudgha
Qazlal
Uskayaw
Beogh


Innate Abilities, Weirdness & Mutations

You have a pair of large horns on your head.
You reflexively headbutt those who attack you in melee.


Message History

The slime creature quivers. x2
A slime creature comes into view.
A slime creature comes into view.
Found 15 gold pieces.
The slime creature quivers. x2
There is an open door here.
You slash the slime creature! You burn the slime creature.
The slime creature is moderately wounded.
You barely miss the slime creature.
The slime creature is moderately wounded.
The slime creature barely misses you. You furiously retaliate!
You headbutt the slime creature!
Two slime creatures merge to form a large slime creature.
You barely miss the large slime creature.
You headbutt the large slime creature!
The large slime creature is moderately wounded.
Two slime creatures merge to form a very large slime creature.
You slice the very large slime creature!!
You burn the very large slime creature.
The very large slime creature is moderately wounded.
You hit the very large slime creature but do no damage.
You headbutt the very large slime creature, but do no damage.
The very large slime creature is moderately wounded.
The very large slime creature hits you!!!
Two slime creatures merge to form an enormous slime creature.
A red film seems to cover your vision as you go berserk!
You feel yourself moving faster!
You feel mighty!
You barely miss the enormous slime creature.
The enormous slime creature is moderately wounded.
The enormous slime creature hits you!!!
* * * LOW HITPOINT WARNING * * *
You slice the enormous slime creature!! You burn the enormous slime creature!
The enormous slime creature is heavily wounded.
You slice the enormous slime creature!! You burn the enormous slime creature!
Your headbutt misses the enormous slime creature.
The enormous slime creature is heavily wounded.
You slash the enormous slime creature! You burn the enormous slime creature.
The enormous slime creature is severely wounded.
The enormous slime creature hits you!!!
You die...

#######
.......
.......
$......
######.......
#...@J.......
##.###.......
#<.........##
##.#######.#
#.# # #.# #.#
... ###


You could see an enormous slime creature.

Vanquished Creatures
  Snorg (D:10)
  Erolcha (D:10)
  A hydra (D:11)
  A centaur warrior (D:10)
  6 two-headed ogres
  A tengu warrior (D:10)
  Lodul (D:10)
  A deep elf pyromancer (D:10)
  3 manticores
  2 cyclopes
  3 kobold demonologists (D:11)
  4 trolls
  Grinder (D:3)
  3 wyverns
  A wraith (D:9)
  A shadow (D:10)
  6 yaks
  Menkaure (Ossuary)
  A warg (D:11)
  An acid dragon (D:10)
  2 water moccasins
  3 sky beasts (D:6)
  A black bear (D:7)
  9 orc warriors
  5 ogres (D:10)
  8 centaurs
  4 wolves (D:10)
  2 phantoms
  4 bullfrogs
  5 kobold brigands
  2 necrophages
  A gnoll sergeant (D:8)
  A scorpion (D:5)
  4 wights (D:9)
  7 killer bees
  5 howler monkeys
  An electric eel (D:10)
  7 hounds
  2 jellies
  6 gnoll shamans
  10 orc priests
  Ijyb (D:4)
  3 iguanas
  7 orc wizards
  3 mummies (Ossuary)
  Robin (D:2)
  13 adders
  30 gnolls
  A shadow imp (D:6)
  A worm (D:2)
  2 dart slugs
  64 orcs
  4 bats
  6 endoplasms
  6 giant cockroaches
  5 gnoll zombies (Ossuary)
  12 goblins
  12 hobgoblins
  5 quokkas
  7 ball pythons
  7 frilled lizards
  3 gnoll skeletons (Ossuary)
  3 goblin skeletons (Ossuary)
  5 goblin zombies (Ossuary)
  5 hobgoblin skeletons (Ossuary)
  19 kobolds
  4 kobold skeletons (Ossuary)
  4 kobold zombies (Ossuary)
  4 orc skeletons (Ossuary)
  8 orc zombies (Ossuary)
  10 rats
  6 rat skeletons (Ossuary)
  3 rat zombies (Ossuary)
393 creatures vanquished.

Vanquished Creatures (collateral kills)
  2 water moccasins (D:8)
  2 orc priests (D:8)
  An orc wizard (D:8)
  2 gnolls (D:8)
7 creatures vanquished.

Vanquished Creatures (others)
  A human (D:5)
  3 fungi (D:10)
  8 plants
12 creatures vanquished.

Grand Total: 412 creatures vanquished

Notes
Turn   | Place    | Note
-------+----------+-------------------------------------------
     0 | D:1      | Dauddaud the Minotaur Berserker began the quest for the
                  | Orb.
     0 | D:1      | Reached XP level 1. HP: 19/19 MP: 0/0
    73 | D:1      | Reached skill level 4 in Axes
   172 | D:1      | Reached XP level 2. HP: 26/26 MP: 1/1
   551 | D:1      | Reached skill level 5 in Axes
   632 | D:1      | Reached XP level 3. HP: 31/31 MP: 2/2
   784 | D:1      | Reached ** piety under Trog
   958 | D:2      | Noticed Robin
   958 | D:2      | Found a faded altar of an unknown god.
  1192 | D:2      | Killed Robin
  1230 | D:2      | Reached skill level 6 in Axes
  1230 | D:2      | Reached XP level 4. HP: 39/39 MP: 3/3
  1497 | D:2      | Found a white marble altar of Elyvilon.
  2012 | D:3      | Found a white marble altar of Elyvilon.
  2021 | D:3      | Noticed a water moccasin
  2030 | D:3      | Killed a water moccasin
  2030 | D:3      | Reached *** piety under Trog
  2031 | D:3      | Reached skill level 7 in Axes
  2031 | D:3      | Reached XP level 5. HP: 42/45 MP: 4/4
  2159 | D:3      | Reached skill level 8 in Axes
  2280 | D:3      | Reached XP level 6. HP: 51/51 MP: 5/5
  2283 | D:3      | Found a shadowy altar of Dithmenos.
  2284 | D:3      | Noticed Grinder
  2284 | D:3      | Paralysed by Grinder for 6 turns
  2305 | D:3      | Paralysed by Grinder for 5 turns
  2314 | D:3      | Killed Grinder
  2315 | D:3      | Reached skill level 9 in Axes
  2387 | D:3      | Found a hide-covered altar of Uskayaw.
  2390 | D:3      | Found a stormy altar of Qazlal.
  2393 | D:3      | Found a hazy altar of Hepliaklqana.
  2565 | D:4      | Noticed Ijyb
  2577 | D:4      | Killed Ijyb
  2736 | D:4      | Reached XP level 7. HP: 31/57 MP: 6/6
  2978 | D:4      | Reached skill level 10 in Axes
  3598 | D:4      | Reached skill level 11 in Axes
  4046 | D:5      | Entered Level 5 of the Dungeon
  4339 | D:5      | Reached XP level 8. HP: 64/64 MP: 7/7
  4496 | D:5      | Reached skill level 12 in Axes
  4497 | D:5      | Found a staircase to the Ecumenical Temple.
  4550 | D:5      | Found an ancient bone altar of Kikubaaqudgha.
  5045 | D:6      | Reached skill level 13 in Axes
  5506 | D:6      | Reached skill level 14 in Axes
  5832 | D:7      | Found a sand-covered staircase.
  5843 | Ossuary  | Entered an ossuary
  5873 | Ossuary  | Reached **** piety under Trog
  5892 | Ossuary  | Reached XP level 9. HP: 70/70 MP: 8/8
  6122 | Ossuary  | Noticed Menkaure
  6127 | Ossuary  | Killed Menkaure
  6139 | Ossuary  | Reached ***** piety under Trog
  6395 | D:7      | Reached skill level 15 in Axes
  7019 | D:7      | Received a gift from Trog
  7020 | D:7      | Reached skill level 16 in Axes
  7302 | D:8      | Reached skill level 1 in Evocations
  8036 | D:8      | Found a blossoming altar of Fedhas.
  8170 | D:8      | Reached XP level 10. HP: 43/78 MP: 9/9
  9303 | D:9      | Reached skill level 17 in Axes
  9312 | D:9      | Noticed a cyclops
  9677 | D:9      | Killed a cyclops
  9725 | D:9      | Noticed a two-headed ogre
  9735 | D:9      | Killed a two-headed ogre
 10225 | D:10     | Entered Level 10 of the Dungeon
 10242 | D:10     | Reached skill level 18 in Axes
 10252 | D:10     | Noticed Snorg
 10266 | D:10     | Killed Snorg
 10267 | D:10     | Reached skill level 5 in Evocations
 10335 | D:10     | Noticed Erolcha
 10553 | D:10     | Killed Erolcha
 10554 | D:10     | Reached XP level 11. HP: 66/83 MP: 10/10
 10594 | D:10     | Noticed a centaur warrior
 10602 | D:10     | Killed a centaur warrior
 10788 | D:10     | Found a staircase to the Lair.
 11261 | D:10     | Noticed a tengu warrior
 11261 | D:10     | Noticed a deep elf pyromancer
 11275 | D:10     | Reached skill level 5 in Fighting
 11278 | D:10     | Killed a tengu warrior
 11283 | D:10     | Killed a deep elf pyromancer
 11284 | D:10     | Reached skill level 5 in Armour
 11774 | D:10     | Noticed a two-headed ogre
 11774 | D:10     | Noticed Lodul
 11777 | D:10     | Noticed a two-headed ogre
 11778 | D:10     | Noticed a two-headed ogre
 11788 | D:10     | Killed Lodul
 11789 | D:10     | Noticed a two-headed ogre
 11791 | D:10     | Killed a two-headed ogre
 11792 | D:10     | Killed a two-headed ogre
 11798 | D:10     | Killed a two-headed ogre
 11800 | D:10     | Killed a two-headed ogre
 11801 | D:10     | Reached skill level 5 in Dodging
 12429 | D:11     | Found a staircase to the Orcish Mines.
 12441 | D:11     | Reached XP level 12. HP: 67/103 MP: 11/11
 13215 | D:11     | Noticed a two-headed ogre
 13227 | D:11     | Killed a two-headed ogre
 14077 | D:11     | Gained mutation: You have a pair of large horns on your
                  | head. [a neqoxec]
 14383 | D:11     | Noticed a six-headed hydra
 14411 | D:11     | Killed a three-headed hydra
 15059 | D:12     | Slain by an enormous slime creature

Illustrated notes

Levels and vault maps discovered:
D:1:      onia_arrival_mini_maze, layout_basic, due_unseen_surprise
D:2:      layout_basic, basic_altar, hellmonk_ecumenical_altar_lost_god,
          uniq_robin
D:3:      layout_basic, amcnicky_altar_gilded, grunt_temple_overflow_cloverleaf,
          uniq_grinder
D:4:      layout_basic, uniq_ijyb
D:5:      layout_loops_ring, tgw_kikubaaqudgha, minmay_temple_entry_nine_rooms
D:6:      layout_basic
D:7:      layout_loops_cross, enter_ossuary_3, abandoned_shop
D:8:      layout_rooms, fedhas_altar_1, special_room [special_room_orc],
          hangedman_abyss_or_decor_stabs
D:9:      layout_loops_cross
D:10:     kennysheep_seaside_town, layout_loops_ring, erik_lair_island,
          minmay_chambers_of_fives, uniq_snorg, uniq_lodul, uniq_erolcha
D:11:     layout_long_grid, david_orc_3, minmay_puff
D:12:     layout_basic, muffindrake_ghost_dual_entry

Skill      XL: |  1  2  3  4  5  6  7  8  9 10 11 12 |
---------------+-------------------------------------+-----
Axes           | 4 5 6 7 8 9 11 14 16 18 | 18.0
Evocations     | 2 6 |  6.9
Fighting       | 8 9 |  9.9
Armour         | 8 9 |  9.5
Dodging        | 5 6 |  6.2

Action                   |  1- 3 |  4- 6 |  7- 9 | 10-12 || total
-------------------------+-------+-------+-------+-------++-------
Melee: Hand axe          |    82 |     1 |       |       ||    83
       Headbutt          |     8 |    14 |    66 |    66 ||   154
       War axe           |       |    95 |   338 |       ||   433
       Punch             |       |     1 |     6 |     4 ||    11
       Broad axe         |       |       |    73 |   378 ||   451
Invok: Trog's Hand       |       |     2 |     3 |     6 ||    11
       Berserk           |       |       |     4 |     4 ||     8
       Brothers in Arms  |       |       |     1 |     1 ||     2
Evoke: Wand              |       |       |       |     1 ||     1
  Use: Scroll            |       |       |     9 |     2 ||    11
Armor: Plate armour      |    59 |    61 |   218 |   197 ||   535
       Animal skin       |     1 |       |       |       ||     1
Dodge: Dodged            |    30 |    30 |   112 |   116 ||   288

Table legend: (Time is in decaauts)
 A = Elapsed time spent in this place.
 B = Non-inter-level travel time spent in this place.
 C = Inter-level travel time spent in this place.
 D = Time resting spent in this place.
 E = Time spent auto-exploring this place.
 F = Levels seen in this place.
 G = Mean time per level.
                   A        B        C        D        E       F      G
               +--------+--------+--------+--------+--------+-----+--------+
         Total |  14967 |  14588 |    379 |   4782 |   7565 |  13 | 1151.3 |
       Dungeon |  14634 |  14255 |    379 |   4782 |   7402 |  12 | 1219.5 |
       Ossuary |    332 |    332 |      0 |      0 |    163 |   1 |  332.0 |
               +--------+--------+--------+--------+--------+-----+--------+

Top non-repeatable levels by time:
    D:11: 2353 daAuts
    D:10: 2229 daAuts
     D:8: 2025 daAuts
     D:4: 1495 daAuts
     D:1: 1185 daAuts
     D:7: 1094 daAuts
     D:9: 1068 daAuts
     D:6: 998 daAuts
     D:5: 773 daAuts
     D:3: 722 daAuts
     D:2: 672 daAuts
 Ossuary: 332 daAuts
    D:12: 14 daAuts
